 Dungeon Crawl Stone Soup version 0.17-a0-2002-g92c7e20 (webtiles) character file.

422 Shim the Cutter (level 6, 0/41 HPs)
             Began as a High Elf Warper on Oct 8, 2015.
             Was an Initiate of Dithmenos.
             Succumbed to a gnoll's poison
             ... on level 4 of the Dungeon.
             The game lasted 00:41:54 (7368 turns).

Shim the Cutter (High Elf Warper)                   Turns: 7368, Time: 00:41:55

Health: 0/41       AC:  8    Str: 10    XL:     6   Next: 63%
Magic:  6/12       EV: 13    Int: 19    God:    Dithmenos [......]
Gold:   119        SH:  6    Dex: 17    Spells: 4 memorised, 4 levels left

rFire  . . .     SeeInvis .     a - +0 short sword
rCold  . . .     Clarity  .     y - +2 leather armour {rPois}
rNeg   + . .     SustAt   .     x - +2 buckler
rPois  +         Gourm    .     o - +0 helmet
rElec  .         Spirit   .     p - +0 cloak
rCorr  .         Warding  +     (no gloves)
rMut   .         Rnd*Tele +     H - +0 pair of boots
MR     .....                    F - amulet of warding
Stlth  ++........               w - ring of teleportation
                                C - +2 ring of intelligence

@: lethally poisoned (0 -> -12), shrouded, very slightly contaminated, not
resistant to hostile enchantments, unstealthy
A: no striking features
a: Renounce Religion, Evoke Teleportation


You were on level 4 of the Dungeon.
You worshipped Dithmenos.
Dithmenos was noncommittal.
You were very hungry.

You visited 1 branch of the dungeon, and saw 4 of its levels.

You collected 284 gold pieces.
You spent 165 gold pieces at shops.

Inventory:

Hand Weapons
 a - a +0 short sword (weapon)
 r - a +0 blowgun
Missiles
 e - 4 tomahawks of dispersal
 h - 143 stones (quivered)
 E - a poisoned needle
Armour
 b - a +0 leather armour
 j - a +0 chain mail of positive energy
 o - a +0 helmet (worn)
 p - a +0 cloak (worn)
 t - a +0 robe
 x - a +2 buckler (worn)
 y - a +2 leather armour of poison resistance (worn)
 H - a +0 pair of boots (worn)
Jewellery
 m - an uncursed ring of fire
 w - a ring of teleportation (right hand)
 C - a +2 ring of intelligence (left hand)
 F - an amulet of warding (around neck)
Scrolls
 d - a scroll of fear
 s - 3 scrolls of blinking
 z - 5 scrolls of remove curse
 A - a scroll of identify {unknown}
 G - a scroll of immolation {unknown}
Potions
 g - a potion of might
 k - 3 potions of brilliance {unknown}
 n - 2 potions of curing {unknown}
 u - a potion of degeneration {unknown}
 D - a potion of poison {unknown}
Books
 c - a book of Spatial Translocations

   Spells                             Type                      Level
   a - Apportation                    Translocation                1
   b - Blink                          Translocation                2
   c - Shroud of Golubria             Charms/Translocation         2
   d - Portal Projectile              Translocation                3
   e - Teleport Other                 Translocation                3
   f - Passage of Golubria            Translocation                4
 v - Sif Muna's Volume of Conjuration
   (You found it on level 3 of the Dungeon)

   Spells                             Type                      Level
   a - Sting                          Conjuration/Poison           1
Comestibles
 f - a bread ration
 i - a meat ration
 l - a beef jerky
 q - 3 royal jellies


   Skills:
 + Level 2.7 Fighting
 + Level 4.0 Short Blades
 + Level 2.0 Throwing
 + Level 1.6 Armour
 + Level 3.8 Dodging
 * Level 3.1 Stealth
 + Level 0.1 Shields
 * Level 3.8 Spellcasting
 + Level 1.2 Charms
 + Level 3.7 Translocations


You had 4 spell levels left.
You knew the following spells:

 Your Spells              Type           Power        Failure   Level  Hunger
a - Apportation           Tloc           ###.......   10%         1    None
b - Blink                 Tloc           N/A          12%         2    ##.....
c - Shroud of Golubria    Chrm/Tloc      ##........   21%         2    ##.....
d - Teleport Other        Tloc           ###.....     21%         3    ###....


Dungeon Overview and Level Annotations

Branches:
Dungeon (4/15)
 Temple: D:4-7

Altars:
Dithmenos
Fedhas
Kikubaaqudgha
Makhleb
Okawaru
Qazlal
Sif Muna
Xom
Zin

Shops:
D:4 =

Annotations:
D:2 Natasha


Message History

The gnoll is almost dead.
* * * LOW HITPOINT WARNING * * *
You feel sick.
You barely miss the gnoll.
The gnoll is almost dead.
* * * LOW HITPOINT WARNING * * *
You feel sick. The gnoll hits you but does no damage.
Casting: Shroud of Golubria
Confirm with . or Enter, or press ? or * to list all spells.
You miscast Blink.
You are very lightly contaminated with residual magic.
You catch a glimpse of the back of your own head.
* * * LOW HITPOINT WARNING * * *
You feel sick. You block the gnoll's attack.
Casting: Blink
Confirm with . or Enter, or press ? or * to list all spells.
You blink.
* * * LOW HITPOINT WARNING * * *
You feel sick.
You die...

...#.#.. #................
##.#.################.#####.#####
.........................##.#....
......................>........##
##.#.###############..##.##......
#.#.# #8.##.#####.## #.#.#
####..##.# #.#
#.#.############.8.∩.8..# #.#
#.#............@...(g...# #>#
#.#################8###.# #.#
#.......................# #.#
##.#####################.# #.#
...# #.# #.#
##.###########################.##
...............>.................
.#.###########################.##
.#.# #.##


You could see a gnoll.

Vanquished Creatures
  An ogre (D:4)
  A scorpion (D:4)
  An orc priest (D:4)
  An orc wizard (D:3)
  A giant frog skeleton (D:4)
  A hound skeleton (D:4)
  9 adders
  2 oozes
  4 worms
  A giant gecko (D:2)
  15 orcs
  8 bats
  7 goblins
  7 hobgoblins
  4 jackals (D:1)
  13 kobolds
  A ball python skeleton (D:4)
  A giant cockroach (D:2)
  4 giant newts
  3 rats
85 creatures vanquished.

Vanquished Creatures (others)
  An orc wizard (D:3)
  5 fungi (D:2)
6 creatures vanquished.

Grand Total: 91 creatures vanquished

Notes
Turn   | Place    | Note
--------------------------------------------------------------
     0 | D:1      | Shim the High Elf Warper began the quest for the Orb.
     0 | D:1      | Reached XP level 1. HP: 14/14 MP: 4/4
   728 | D:2      | Reached XP level 2. HP: 19/19 MP: 6/6
   732 | D:2      | Learned a level 2 spell: Blink
  1217 | D:1      | Reached skill level 1 in Armour
  1427 | D:1      | Reached skill level 1 in Stealth
  1456 | D:1      | Learned a level 2 spell: Shroud of Golubria
  1496 | D:1      | Reached XP level 3. HP: 24/24 MP: 2/8
  1978 | D:2      | Found a burning altar of Makhleb.
  2254 | D:2      | Found a blossoming altar of Fedhas.
  2254 | D:2      | Noticed Natasha
  2385 | D:2      | Reached XP level 4. HP: 18/29 MP: 6/9
  2908 | D:2      | Found a faded altar to an unknown god.
  3162 | D:3      | Found an iron altar of Okawaru.
  3424 | D:3      | Found a glowing silver altar of Zin.
  3427 | D:3      | Found a stormy altar of Qazlal.
  3428 | D:3      | Found an ancient bone altar of Kikubaaqudgha.
  3430 | D:3      | Found a shimmering altar of Xom.
  3980 | D:3      | Found a deep blue altar of Sif Muna.
  4590 | D:3      | Reached XP level 5. HP: 29/35 MP: 8/10
  5411 | D:3      | Reached skill level 1 in Charms
  5858 | D:3      | Identified Sif Muna's Volume of Conjuration
  6046 | D:4      | Learned a level 3 spell: Teleport Other
  6058 | D:4      | Found a shadowy altar of Dithmenos.
  6066 | D:4      | Became a worshipper of Dithmenos the Shadowed
  6221 | D:4      | Reached XP level 6. HP: 39/41 MP: 12/12
  6250 | D:4      | Found Tehok's Jewellery Shop.
  6260 | D:4      | Bought an uncursed amulet of warding for 165 gold pieces
  6320 | D:4      | Noticed an ogre
  7263 | D:4      | Reached skill level 4 in Short Blades
  7367 | D:4      | HP: 2/41 [poisoned by a gnoll]
  7368 | D:4      | Succumbed to a gnoll's poison

Vault maps used:
D:1:      dpeg_arrival_radiant
D:2:      overflow_temple_1_default, ecumenical_altar_1, tgw_fedhas,
          uniq_natasha
D:3:      led_sif_book, old_standard_altar, grunt_temple_overflow_open
D:4:      grunt_dithmenos_smoke_and_mirrors, serial_shops,
          nicolae_shop_statue_plus

Action                   |  1- 3 |  4- 6 || total
-------------------------+-------+-------++-------
Melee: Short sword       |   122 |   274 ||   396
 Fire: Blowgun           |       |    14 ||    14
Throw: Stone             |    10 |    38 ||    48
       Tomahawk          |       |     1 ||     1
 Cast: Apportation       |     1 |       ||     1
       Blink             |     4 |    10 ||    14
       Shroud of Golubri |     6 |    26 ||    32
  Use: Scroll            |     1 |     5 ||     6
 Stab: Sleeping          |     4 |     7 ||    11
  Eat: Chunk             |     5 |     8 ||    13
       Meat ration       |       |     1 ||     1
       Fruit             |       |     4 ||     4
